 Dungeon Crawl Stone Soup version 0.28.0-43-g3370ac3207 (webtiles) character file.

Game seed: 9025608927590850083

44 NinjaNoafa the Sneak (level 3, 0/22 HPs)
             Began as a Kobold Brigand on Apr 1, 2022.
             Was a Follower of Qazlal.
             Succumbed to an adder's poison
             ... on level 2 of the Dungeon.
             The game lasted 00:05:30 (1503 turns).

NinjaNoafa the Sneak (Kobold Brigand)               Turns: 1503, Time: 00:05:32

Health: 0/22       AC:  4    Str:  8    XL:     3   Next: 87%
Magic:  4/4        EV: 15    Int: 12    God:    Qazlal [*.....]
Gold:   26         SH:  2    Dex: 18    Spells: 4/4 levels left

rFire   . . .      SeeInvis .   a - +2 dagger
rCold   . . .      Faith    .   (no shield)
rNeg    . . .      Spirit   .   b - +0 robe
rPois   .          Reflect  .   (no helmet)
rElec   .          Harm     .   c - +0 cloak
rCorr   .          Rampage  .   (no gloves)
Will    .....                   g - +0 pair of boots
Stlth   ++++......              (no amulet)
HPRegen 0.07/turn               (no ring)
MPRegen 0.09/turn               (no ring)

@: lethally poisoned (0 -> -8), attractive
A: small, no large weapons, nightstalker 3
a: Renounce Religion


You were on level 2 of the Dungeon.
You worshipped Qazlal.
Qazlal was aware of your devotion.
You visited 1 branch of the dungeon, and saw 2 of its levels.

You collected 26 gold pieces.

Inventory:

Hand Weapons
 a - a +2 dagger (weapon)
Missiles
 d - 7 poisoned darts (quivered)
 l - 36 stones
Armour
 b - a +0 robe (worn)
 c - a +0 cloak (worn)
 g - a +0 pair of boots (worn)
Scrolls
 f - a scroll of torment {unknown}
Potions
 i - a potion of mutation {unknown}
 j - 2 potions of curing {unknown}
 k - a potion of haste {unknown}


   Skills:
 + Level 2.4 Fighting
 + Level 3.0 Short Blades
 + Level 2.5 Throwing
 * Level 2.0 Dodging
 * Level 5.8 Stealth
 * Level 1.2 Spellcasting


You had 4 spell levels left.
You didn't know any spells.
Your spell library was empty.

Dungeon Overview and Level Annotations

Branches:
Dungeon (2/15)

Altars:
Qazlal


Innate Abilities, Weirdness & Mutations

You are small and have problems with some larger weapons.
You are completely attuned to the shadows.


Message History

You feel sick. The adder barely misses you.
You closely miss the adder.
The adder is moderately wounded.
You feel sick. The adder bites you.
You are more poisoned.
The adder poisons you! The adder bites you but does no damage.
Throw: 8 darts (poison)
Press: ? - help, Q - select action, (/) - cycle Shift-Dir - straight line, f - adder
Aim: an adder (moderately wounded, 46% to hit)
You throw a poisoned dart. The poisoned dart hits the adder.
The adder is moderately wounded.
You feel sick. The adder bites you.
You are more poisoned.
The adder poisons you!
It was a potion of attraction.
You feel attractive to monsters.
You feel sick. The adder misses you.
You hit the adder.
The adder is moderately wounded.
You feel sick. The adder barely misses you.
You hit the adder.
The adder is severely wounded.
* * * LOW HITPOINT WARNING * * *
You feel sick. The adder bites you.
* * * LOW HITPOINT WARNING * * *
You are more poisoned.
The adder poisons you!
Throw: 2 darts (curare)
Press: ? - help, Q - select action, (/) - cycle Shift-Dir - straight line, f/p - adder
Aim: an adder (severely wounded, 46% to hit)
You throw a curare-tipped dart.
The curare-tipped dart closely misses the adder.
* * * LOW HITPOINT WARNING * * *
You feel sick. The adder bites you but does no damage.
Throw: dart (curare)
Press: ? - help, Q - select action, (/) - cycle Shift-Dir - straight line, f/p - adder
Aim: an adder (severely wounded, 46% to hit)
You throw a curare-tipped dart.
The curare-tipped dart closely misses the adder.
You die...

..........†.'.........+
#.....##.#.........#
#.##.###.##..)....##
#.#### #.###.....##
#.######.# ##.†.##
#...... ##'## #.#####
#.# #.########## #.#
#.......@S(###.##
#..#######.##...## #..#
#.....# #..# ##...##
#... .###.#####
.......... .###.#####
#†# #.#


You could see an adder.

Vanquished Creatures
  A gnoll (D:1)
  A dart slug (D:1)
  2 ball pythons (D:1)
  2 bats (D:1)
  4 endoplasms (D:1)
  A giant cockroach (D:2)
  A goblin (D:1)
  5 hobgoblins
  2 kobolds (D:2)
  3 quokkas (D:1)
  3 frilled lizards
  4 rats (D:1)
29 creatures vanquished.

Notes
Turn   | Place    | Note
-------+----------+-------------------------------------------
     0 | D:1      | NinjaNoafa the Kobold Brigand began the quest for the Orb.
     0 | D:1      | Reached XP level 1. HP: 12/12 MP: 1/1
   184 | D:1      | Found a faded altar of an unknown god.
   184 | D:1      | Noticed an eye of devastation
   184 | D:1      | Noticed a shining eye
   195 | D:1      | Noticed a golden eye
   195 | D:1      | Noticed a great orb of eyes
   213 | D:1      | Prayed at the altar of an unknown god.
   213 | D:1      | Became a worshipper of Qazlal Stormbringer
   213 | D:1      | Reached * piety under Qazlal
   285 | D:1      | Reached XP level 2. HP: 16/17 MP: 2/2
   452 | D:1      | Reached XP level 3. HP: 15/22 MP: 4/4
   966 | D:1      | Reached skill level 1 in Spellcasting
  1502 | D:2      | HP: 1/22 [poisoned by an adder]
  1503 | D:2      | Succumbed to an adder's poison

Illustrated notes

Levels and vault maps discovered:
D:1:      kennysheep_arrival_forest, layout_basic,
          hellmonk_ecumenical_altar_watching_god
D:2:      layout_loops_corners, minivault_24, minmay_cupped, uniq_natasha

Skill      XL: |  1  2  3 |
---------------+----------+-----
Short Blades   | 3 |  3.0
Dodging        | 2 |  2.0
Spellcasting   | 1 |  1.2
Fighting       | |  2.4
Throwing       | |  2.5
Stealth        | |  5.8

Action                   || total
-------------------------++-------
Melee: Dagger            ||    88
Throw: Dart              ||    27
  Use: Potion            ||     1
 Stab: Sleeping          ||     1
Armor: Robe              ||    25
Dodge: Dodged            ||    63
Block: Other             ||     4
